 Dungeon Crawl Stone Soup version 0.30.0-13-g156ef70053 (webtiles) character file.

Game seed: 5222305030649192155

5152 dolemite99 the Grappler (level 10, -1/77 HPs)
             Began as a Purple Draconian Transmuter on May 18, 2023.
             Was a Priest of Dithmenos.
             Slain by a yak (10 damage)
             ... on level 9 of the Dungeon.
             The game lasted 00:22:03 (16423 turns).

dolemite99 the Grappler (DrTm)                     Turns: 16423, Time: 00:22:04

Health: -1/77      AC:  2    Str: 15    XL:     10   Next: 33%
Magic:  14/16      EV: 20    Int: 16    God:    Dithmenos [***...]
Gold:   521        SH:  0    Dex: 16    Spells: 5/17 levels left

rFire   . . .        a - melded +0 shortbow (flame)
rCold   . . .        (shield currently unavailable)
rNeg    . . .        (body armour unavailable)
rPois   x            d - melded +1 hat
rElec   .            E - melded +0 cloak
rCorr   +            (gloves currently unavailable)
SInv    .            s - melded +0 pair of boots
Will    +....        w - amulet of regeneration
Stlth   ++           q - ring of resist corrosion
HPRegen 1.12/turn    (no ring)
MPRegen 0.15/turn

%: no passive effects
@: spider-form, wreathed by umbra
A: venomous fangs, (breathe power), AC +7, tiny, unfitting armour,
(cold-blooded)
a: End Transformation, Renounce Religion, Shadow Step


You were on level 9 of the Dungeon.
You worshipped Dithmenos.
Dithmenos was most pleased with you.
You were a venomous arachnid creature.
You visited 1 branch of the dungeon, and saw 9 of its levels.

You collected 521 gold pieces.

Inventory:

Hand Weapons
 a - a +0 shortbow of flaming (melded)
 c - the +9 mace of Sudden Death {speed, rPois}
   (You found it on level 6 of the Dungeon)

   rPois:     It protects you from poison.
 g - a +2 falchion of holy wrath
 l - a +0 hand axe
 y - a +0 dagger of venom
 C - a +0 long sword
Missiles
 i - a throwing net
 j - 4 javelins
 k - 25 poisoned darts
 D - 2 atropa-tipped darts
Armour
 d - a +1 hat (melded)
 s - a +0 pair of boots (melded)
 E - a +0 cloak (melded)
Magical Staves
 f - a staff of conjuration
Jewellery
 q - a ring of resist corrosion (left front pincers)
 w - an amulet of regeneration (around neck)
Wands
 e - a wand of polymorph (14)
Scrolls
 m - 3 scrolls of teleportation
 v - 2 scrolls of blinking
 x - 2 scrolls of immolation
 A - 2 scrolls of vulnerability
Potions
 b - a potion of berserk rage
 h - a potion of cancellation {unknown}
 n - 2 potions of degeneration {unknown}
 o - 3 potions of curing
 p - 2 potions of attraction {unknown}
 r - 4 potions of flight {unknown}
 u - 4 potions of lignification
 z - 3 potions of heal wounds {unknown}


   Skills:
 - Level 3.0 Fighting
 - Level 3.0 Dodging
 + Level 9.4 Unarmed Combat
 - Level 4.1 Spellcasting
 * Level 8.6 Transmutations
 - Level 7.0 Ice Magic
 - Level 3.2 Poison Magic


You had 5 spell levels left.
You knew the following spells:

 Your Spells              Type           Power      Damage    Failure   Level
b - Spider Form           Tmut/Pois      22%        N/A       13%         3
c - Ice Form              Ice/Tmut       28%        N/A       19%         4
d - Irradiate             Conj/Tmut      8%         3d14      80%         5

Your spell library contained the following spells:

 Spells                   Type           Power      Damage    Failure   Level
 Beastly Appendage        Tmut           62%        N/A       3%          1
 Wereblood                Tmut           31%        N/A       4%          2
 Passwall                 Tmut/Erth      14%        N/A       13%         2
 Ensorcelled Hibernation  Hex/Ice        28%        N/A       17%         2
 Foxfire                  Conj/Fire      12%        2x1d4     36%         1
 Magic Dart               Conj           12%        1d3       36%         1
 Sandblast                Erth           6%         2d5       36%         1
 Call Imp                 Summ           6%         N/A       47%         2
 Petrify                  Tmut/Erth      17%        N/A       50%         4
 Mephitic Cloud           Conj/Pois/Air  6%         N/A       54%         3
 Alistair's Intoxication  Tmut/Pois      14%        N/A       58%         5
 Inner Flame              Hex/Fire       3%         N/A       67%         3
 Stone Arrow              Conj/Erth      6%         3d7       67%         3
 Swiftness                Air            3%         N/A       67%         3
 Yara's Violent Unravell  Hex/Tmut       8%         3d5       80%         5
 Fire Storm               Conj/Fire      1%         8d1       100%        9


Dungeon Overview and Level Annotations

Branches:
Dungeon (9/15)             Temple (0/1) D:7
   Lair: D:8-11         Orc: D:9-12

Altars:
Ashenzari
Dithmenos
Makhleb
Ru
Uskayaw
The Shining One

Shops:
D:4 :

Annotations:
D:9 1 runed translucent door, elongatedgoose's ghost, novice GnFi


Innate Abilities, Weirdness & Mutations

You are a venomous arachnid creature.
You have venomous fangs.
You are tiny and dextrous.
Your spellcasting is less reliable in this form.
Your armour is entirely melded.
You are incapable of wielding weapons or throwing items.
((You can breathe bolts of dispelling energy.))
((Your rich purple scales are hard. (AC +7)))
You cannot fit into any form of body armour.
((You are cold-blooded and may be slowed by cold attacks.))


Message History

Confirm with . or Enter, or press ? or * to list all spells.
You turn into a venomous arachnid creature.
Your +0 shortbow of flaming melds into your body.
Your +0 cloak melds into your body.
Your +1 hat melds into your body.
Your +0 pair of boots melds into your body.
Your +0 shortbow of flaming stops flaming.
The yak gores you! The yak gores you.
A yak comes into view.
You barely miss the yak.
The yak is moderately wounded.
The yak closely misses you.
The yak bellows!
You bite the yak!
The yak is heavily wounded.
The yak gores you. The yak barely misses you. The yak attacks as you move away!
The yak gores you!
You are too injured to fight recklessly!
You are too injured to fight recklessly!
You are too injured to fight recklessly!
You are too injured to fight recklessly!
You hit the yak but do no damage.
The yak is poisoned.
The yak is lightly wounded.
You have got your breath back.
You bite the yak!
The yak looks even sicker.
The yak is heavily wounded.
The yak closely misses you. The yak gores you.
You hit the yak but do no damage.
The yak is heavily wounded.
The yak completely misses you. x2
You bite the yak!
The yak is poisoned.
The yak is severely wounded.
The yak barely misses you. The yak gores you! The yak gores you!
* * * LOW HITPOINT WARNING * * *
The yak barely misses you. The yak attacks as you move away! The yak gores you!
* * * LOW HITPOINT WARNING * * *
The yak attacks as you move away! The yak gores you!
You die...

#########################
#........#........#......
#........#........#......
#........'........'......
#........#........#......
##########........#......
#.....YYs'....>...#######
#......Y.##########......
#..†.....#...............
#......÷.#............[..
#........#...............
#........#...............
#........################
#.................#......
#.................#......


You could see 3 yaks.

Vanquished Creatures
  A troll (D:5)
  2 hornets
  Sigmund (D:4)
  7 yaks
  2 wyverns (D:9)
  2 ice beasts (D:6)
  An orc warrior (D:8)
  2 sky beasts (D:7)
  2 black bears
  A centaur (D:7)
  3 phantoms
  4 bullfrogs
  5 kobold brigands
  A gnoll sergeant (D:5)
  4 scorpions
  A wight (D:7)
  5 howler monkeys
  6 hounds
  2 sleepcaps
  5 jellies
  An orc priest (D:6)
  Terence (D:2)
  7 iguanas
  5 orc wizards
  Robin (D:4)
  13 gnolls
  5 adders
  A shadow imp (D:7)
  A white imp (D:7)
  A worm (D:3)
  2 dart slugs
  15 orcs
  2 ball pythons (D:2)
  3 bats
  4 endoplasms
  5 giant cockroaches
  11 goblins
  8 hobgoblins
  6 jackals (D:3)
  5 quokkas
  4 frilled lizards
  28 kobolds
  5 rats
191 creatures vanquished.

Notes
Turn   | Place    | Note
-------+----------+-------------------------------------------
     0 | D:1      | dolemite99 the Draconian Transmuter began the quest for the
                  | Orb.
     0 | D:1      | Reached XP level 1. HP: 16/16 MP: 3/3
   471 | D:1      | Reached XP level 2. HP: 23/23 MP: 3/5
   579 | D:1      | Found a faded altar of an unknown god.
   606 | D:1      | Prayed at the altar of an unknown god.
   606 | D:1      | Became a worshipper of Dithmenos the Shadowed
   606 | D:1      | Reached * piety under Dithmenos
  1076 | D:2      | Reached XP level 3. HP: 9/28 MP: 3/6
  1636 | D:2      | Learned a level 3 spell: Spider Form
  1646 | D:2      | Noticed Terence
  1664 | D:2      | Killed Terence
  1665 | D:2      | Reached skill level 1 in Poison Magic
  1665 | D:2      | Reached XP level 4. HP: 35/35 MP: 7/7
  2449 | D:3      | Identified a scroll of acquirement
  2450 | D:3      | Acquired the Anthology of Red Changes
  2572 | D:3      | Reached XP level 5. HP: 12/40 MP: 2/8
  3040 | D:3      | Reached skill level 4 in Unarmed Combat
  3235 | D:3      | Reached ** piety under Dithmenos
  3983 | D:3      | Found a sacrificial altar of Ru.
  5818 | D:4      | Noticed a phantom
  5847 | D:4      | Killed a phantom
  5848 | D:4      | Reached XP level 6. HP: 32/48 MP: 7/10
  6406 | D:4      | Noticed Sigmund
  6462 | D:3      | Learned a level 5 spell: Irradiate
  6734 | D:4      | You fall into a shaft and drop 2 floors!
  6745 | D:6      | Identified the +9 mace of Sudden Death {speed, rPois}
  6781 | D:5      | Entered Level 5 of the Dungeon
  6890 | D:4      | Found Byjircho Fepp's Book Shop.
  6913 | D:4      | Your scales start taking on a rich purple colour.
  6913 | D:4      | Reached XP level 7. HP: 56/57 MP: 9/13
  7081 | D:4      | Noticed Robin
  7088 | D:4      | Killed Robin
  7467 | D:4      | Killed Sigmund
  7468 | D:4      | Reached skill level 5 in Unarmed Combat
  7642 | D:5      | Noticed a troll
  7657 | D:5      | Killed a troll
  7658 | D:5      | Reached skill level 5 in Transmutations
  7966 | D:5      | Reached XP level 8. HP: 63/63 MP: 7/14
  8236 | D:5      | Learned a level 4 spell: Ice Form
  8357 | D:5      | Reached skill level 6 in Unarmed Combat
  9033 | D:6      | Reached skill level 1 in Ice Magic
  9562 | D:6      | Reached skill level 7 in Unarmed Combat
 10601 | D:6      | Found a broken altar of Ashenzari.
 10838 | D:6      | Found a hide-covered altar of Uskayaw.
 10854 | D:6      | Reached XP level 9. HP: 69/69 MP: 11/15
 10859 | D:6      | Reached *** piety under Dithmenos
 10948 | D:7      | Found a staircase to the Ecumenical Temple.
 11091 | D:7      | Reached skill level 5 in Ice Magic
 11957 | D:7      | Found a glowing golden altar of the Shining One.
 12421 | D:7      | Reached skill level 8 in Unarmed Combat
 14388 | D:8      | Reached XP level 10. HP: 77/77 MP: 13/16
 14392 | D:8      | Reached skill level 9 in Unarmed Combat
 14608 | D:8      | Reached **** piety under Dithmenos
 14718 | D:8      | Found a burning altar of Makhleb.
 15174 | D:9      | Found a runed translucent gate.
 15416 | D:9      | Noticed a tengu warrior
 15426 | D:9      | Noticed elongatedgoose's ghost (novice GnFi)
 16423 | D:9      | Slain by a yak

Illustrated notes

Levels and vault maps discovered:
D:1:      lordsloth_arrival_two_stooges, layout_basic,
          chequers_ecumenical_altar_simple_redux
D:2:      layout_rooms, dk_noncrumbling_2, uniq_terence
D:3:      layout_basic, nicolae_ru_great_annihilating_truth,
          minmay_misc_feat_cross, minivault_26
D:4:      layout_loops_cross, serial_shops, nicolae_shop_tiny_statue_garden,
          uniq_sigmund, uniq_robin
D:5:      layout_cave_pools
D:6:      layout_loops_cross, nicolae_uskayaw_dance_studio,
          nicolae_ashenzari_skybound
D:7:      minmay_bubble_buster, layout_basic, tso_oasis_becter,
          minmay_temple_entry_grid
D:8:      layout_loops_ring, old_standard_altar
D:9:      layout_grid_maze, gammafunk_ghost_split,
          amcnicky_altar_lugonu_corruption, uniq_joseph, uniq_erica

Skill      XL: |  1  2  3  4  5  6  7  8  9 10 |
---------------+-------------------------------+-----
Transmutations | 3 5 6 7 8 |  8.6
Poison Magic   | 1 3 |  3.2
Unarmed Combat | 4 5 7 8 9 |  9.4
Spellcasting   | 3 4 |  4.1
Fighting       | 2 3 |  3.0
Dodging        | 3 |  3.0
Ice Magic      | 4 7 |  7.0

Action                     |  1- 3 |  4- 6 |  7- 9 | 10-12 || total
---------------------------+-------+-------+-------+-------++-------
  Melee: Unarmed           |    82 |   186 |   273 |    42 ||   583
         Kick              |    10 |     3 |       |       ||    13
         Tailslap          |     8 |     4 |     1 |       ||    13
         Punch             |     1 |       |     1 |       ||     2
         Headbutt          |     8 |     2 |       |       ||    10
   Fire: Shortbow          |       |       |    41 |    29 ||    70
   Cast: Beastly Appendage |    20 |     3 |     1 |       ||    24
         Spider Form       |       |    29 |    30 |     3 ||    62
         Ice Form          |       |       |    15 |     3 ||    18
         Irradiate         |       |       |     1 |       ||     1
Ability: Breathe Dispellin |       |       |     8 |     1 ||     9
  Evoke: Wand              |       |       |       |     5 ||     5
    Use: Potion            |     1 |     1 |     5 |       ||     7
         Scroll            |       |     7 |    11 |     1 ||    19
   Stab: Sleeping          |       |     1 |     1 |       ||     2
         Invisible         |       |     1 |     2 |       ||     3
         Distracted        |       |       |     1 |       ||     1
 Armour: Skin              |    22 |    18 |    59 |     8 ||   107
  Dodge: Dodged            |    69 |   165 |   256 |    37 ||   527
